 Dungeon Crawl Stone Soup version 0.30.1-4-g462c640d31 (webtiles) character file.

Game seed: 13918476276439273064

567 croobank the Magician (level 7, -3/51 HPs)
             Began as a Demonspawn Hedge Wizard on Aug 24, 2023.
             Shot with an arrow by a centaur (11 damage)
             ... on level 5 of the Dungeon.
             The game lasted 00:14:14 (4581 turns).

croobank the Magician (Demonspawn Hedge Wizard)     Turns: 4581, Time: 00:14:14

Health: -3/51      AC:  3    Str: 10    XL:     7   Next: 11%
Magic:  12/12      EV: 12    Int: 17    God:
Gold:   62         SH:  0    Dex: 13    Spells: 7/13 levels left

rFire   . . .        j - +9 dagger (venom)
rCold   . . .        (no shield)
rNeg    . . .        b - +0 robe
rPois   .            c - +0 hat
rElec   .            (no cloak)
rCorr   .            (no gloves)
SInv    .            f - +0 pair of boots
Will    .....        (no amulet)
Stlth   ++           (no ring)
HPRegen 0.28/turn    (no ring)
MPRegen 0.13/turn

%: no passive effects
@: about to teleport
A: claws 1, demonic guardian 1, powered by death 1
a: no special abilities


You were on level 5 of the Dungeon.
You visited 1 branch of the dungeon, and saw 6 of its levels.

You collected 223 gold pieces.
You spent 161 gold pieces at shops.

Inventory:

Hand Weapons
 a - a +0 dagger of electrocution
 j - a +9 dagger of venom (weapon)
 r - a +0 flail
 A - a +0 war axe
Missiles
 h - 9 poisoned darts
 v - 3 atropa-tipped darts
Armour
 b - a +0 robe (worn)
 c - a +0 hat (worn)
 f - a +0 pair of boots (worn)
Scrolls
 e - a scroll of poison {unknown}
 m - 4 scrolls of teleportation
 n - 2 scrolls of vulnerability {unknown}
 s - a scroll of enchant weapon
 u - a scroll of torment {unknown}
 w - 2 scrolls of brand weapon
 x - a scroll of blinking {unknown}
 y - 2 scrolls of identify
 z - 2 scrolls of fog {unknown}
Potions
 d - a potion of magic
 i - a potion of ambrosia
 k - a potion of mutation
 l - a potion of berserk rage {unknown}
 o - a potion of cancellation {unknown}
 p - a potion of flight {unknown}
 q - a potion of curing {unknown}
 t - a potion of degeneration {unknown}


   Skills:
 + Level 2.5 Fighting
 + Level 2.9 Dodging
 + Level 3.1 Stealth
 + Level 3.8 Spellcasting
 + Level 2.6 Conjurations
 + Level 2.1 Hexes
 + Level 2.8 Summonings
 + Level 2.4 Translocations


You had 7 spell levels left.
You knew the following spells:

 Your Spells              Type           Power      Damage    Failure   Level
a - Magic Dart            Conj           48%        1d5       5%          1
b - Call Imp              Summ           24%        N/A       8%          2
c - Blink                 Tloc           22%        N/A       9%          2
d - Slow                  Hex            40%        N/A       7%          1

Your spell library contained the following spells:

 Spells                   Type           Power      Damage    Failure   Level
 Lesser Beckoning         Tloc           22%        N/A       9%          2
 Momentum Strike          Conj/Tloc      22%        3d8       9%          2
 Cigotuvi's Dreadful Rot  Necr/Pois/Air  6%         N/A       24%         2
 Sublimation of Blood     Necr           3%         N/A       24%         2
 Mephitic Cloud           Conj/Pois/Air  6%         N/A       32%         3
 Petrify                  Tmut/Erth      3%         N/A       85%         4
 Irradiate                Conj/Tmut      3%         3d12      95%         5


Dungeon Overview and Level Annotations

Branches:
Dungeon (6/15)
 Temple: D:4-7

Altars:
Okawaru
Qazlal
Wu Jian

Shops:
D:4 *


Innate Abilities, Weirdness & Mutations

You have sharp fingernails.
A weak demonic guardian rushes to your aid.
You regenerate a little health from kills.


Message History

* * * LOW HITPOINT WARNING * * *
The orc attacks as you move away!
The orc hits you with a +2 antimagic hand axe.
* * * LOW HITPOINT WARNING * * *
The orc hits your iron imp but does no damage.
You kill the centaur!
The orc throws a boomerang.
The boomerang hits your iron imp.
Your iron imp hits the orc!
The orc dies!
You have reached level 7!
Your demonic ancestry asserts itself...
A wave of death washes over you.
Okay, then.
As you read the scroll of teleportation, it crumbles to dust.
You feel strangely unstable.
The centaur wields a +0 shortbow of flaming.
It bursts into flame!
The centaur shoots an arrow.
The arrow hits your iron imp.
The adder bites your iron imp but does no damage.
Your iron imp hits the centaur.
You are confused.
You feel invigorated.
The centaur shoots an arrow.
The arrow hits your iron imp!
The adder bites your iron imp but does no damage.
The centaur shoots an arrow.
The arrow misses your iron imp. The arrow hits you!
* * * LOW HITPOINT WARNING * * *
The arrow burns you.
* * * LOW HITPOINT WARNING * * *
Your iron imp hits the adder.
The centaur shoots an arrow.
The arrow hits your iron imp!
Your iron imp dies!
Your iron imp disappears in a puff of smoke!
The adder closely misses you.
You miss the adder.
The adder is heavily wounded.
You feel less invigorated.
You feel less confused.
The centaur shoots an arrow.
The arrow hits you!
You die...

#..................#
..........#...)>...##
..##................#
# #
#..........#.#)...#
.#.
##........####.####
....##..###...# ###
......c..##...##
#.##ยง.......#
#.))S@......#
..?...)##......##
...##.. ##......# .
#..#####....####
#...##..#.......##
#..###............#
#..# ##..........##
..# ##.#.#....##
##########


You could see a centaur and an adder.

Vanquished Creatures
  A centaur (D:5)
  A scorpion (D:4)
  A hound (D:4)
  An orc priest (D:4)
  A sleepcap (D:4)
  2 iguanas
  An orc wizard (D:5)
  10 adders
  A shadow imp (D:5)
  2 worms
  7 orcs
  8 ball pythons
  5 endoplasms
  3 giant cockroaches
  5 goblins
  2 hobgoblins (D:3)
  A jackal (D:4)
  2 quokkas (D:3)
  3 bats (D:1)
  2 frilled lizards
  3 kobolds
  3 rats
65 creatures vanquished.

Vanquished Creatures (collateral kills)
  A hound (D:5)
  An orc priest (D:5)
  An adder (D:3)
  5 orcs
  3 endoplasms
  A giant cockroach (D:4)
  4 hobgoblins
  2 jackals (D:3)
  A kobold (D:3)
  2 quokkas (D:3)
  2 bats (D:3)
  2 frilled lizards
  3 goblins
  A rat (D:3)
29 creatures vanquished.

Grand Total: 94 creatures vanquished

Notes
Turn   | Place    | Note
-------+----------+-------------------------------------------
     0 | D:1      | croobank the Demonspawn Hedge Wizard began the quest for
                  | the Orb.
     0 | D:1      | Reached XP level 1. HP: 13/13 MP: 4/4
    71 | D:1      | Reached skill level 1 in Translocations
   145 | D:1      | Gained mutation: A weak demonic guardian rushes to your
                  | aid. [demonic ancestry]
   145 | D:1      | Reached XP level 2. HP: 16/20 MP: 0/6
   205 | D:1      | Learned a level 2 spell: Call Imp
  1119 | D:2      | Reached XP level 3. HP: 16/25 MP: 0/7
  1183 | D:2      | Learned a level 2 spell: Blink
  1871 | D:3      | Learned a level 1 spell: Slow
  2086 | D:3      | Reached skill level 1 in Fighting
  2191 | D:3      | Found an iron altar of Okawaru.
  2241 | D:3      | Found a stormy altar of Qazlal.
  2462 | D:3      | Found an ornate altar of the Wu Jian Council.
  2578 | D:3      | Reached XP level 4. HP: 17/32 MP: 3/8
  3230 | D:4      | Reached skill level 1 in Hexes
  3266 | D:4      | Gained mutation: You have sharp fingernails. [demonic
                  | ancestry]
  3266 | D:4      | Reached XP level 5. HP: 25/37 MP: 3/10
  3440 | D:4      | Found Geluul's CLEARANCE SALE!.
  3448 | D:4      | Bought a +8 dagger of venom for 133 gold pieces
  3448 | D:4      | Bought a scroll of identify for 6 gold pieces
  3448 | D:4      | Bought a scroll of enchant weapon for 22 gold pieces
  3606 | D:4      | Reached XP level 6. HP: 37/44 MP: 7/11
  3935 | D:5      | Entered Level 5 of the Dungeon
  4578 | D:5      | Gained mutation: You regenerate a little health from kills.
                  | [demonic ancestry]
  4578 | D:5      | Reached XP level 7. HP: 9/51 MP: 0/12
  4579 | D:5      | HP: 2/51 [centaur/arrow (4)]
  4581 | D:5      | Shot with an arrow by a centaur

Illustrated notes

Levels and vault maps discovered:
D:1:      psy_arrival_whirlpool, layout_basic, minmay_pentomino_q4
D:2:      layout_basic, minmay_tree_intersection
D:3:      minmay_chambers_of_threes, layout_basic,
          nicolae_wu_jian_immortal_techniques, okawaru_trees_2,
          nicolae_qazlal_scattered_showers
D:4:      minmay_angry_zag, layout_gridville, nicolae_shop_clearance
D:5:      cheibrodos_two_vegetables, layout_cave_pools, serial_shops, shop,
          minmay_ruined_shrine, uniq_edmund
D:6:      minmay_skewed_foursquare, layout_gridville,
          nicolae_shop_i_like_small_books_too

Skill      XL: |  1  2  3  4  5  6 |
---------------+-------------------+-----
Translocations | 1 2 |  2.4
Stealth        | 2 3 |  3.1
Dodging        | 2 |  2.9
Fighting       | 1 2 |  2.5
Hexes          | 1 2 |  2.1
Summonings     | 2 |  2.8
Conjurations   | 2 |  2.6
Spellcasting   | |  3.8

Action                     |  1- 3 |  4- 6 |  7- 9 || total
---------------------------+-------+-------+-------++-------
  Melee: Dagger            |    56 |   127 |     1 ||   184
         Punch             |       |     1 |       ||     1
   Cast: Magic Dart        |    46 |    15 |       ||    61
         Call Imp          |    25 |    21 |       ||    46
         Slow              |     3 |    30 |       ||    33
         Blink             |     1 |       |       ||     1
    Use: Scroll            |       |     7 |     1 ||     8
         Potion            |       |     2 |     1 ||     3
   Stab: Sleeping          |     2 |     2 |       ||     4
         Distracted        |     1 |     2 |       ||     3
 Armour: Robe              |    16 |    27 |       ||    43
  Dodge: Dodged            |    60 |    81 |     1 ||   142
